 Dungeon Crawl Stone Soup version 0.32-a0-975-g85d4e5bfdb (webtiles) character file.

Game seed: 11424824245726211024

20 Maxmaps the Ruffian (level 2, 0/34 HPs)
             Began as a Demonspawn Shapeshifter on Apr 19, 2024.
             Slain by Jessica
             ... wielding a +3 vampiric dagger
              (2 damage)
             ... on level 2 of the Dungeon.
             The game lasted 00:01:08 (1204 turns).

Maxmaps the Ruffian (Demonspawn Shapeshifter)       Turns: 1204, Time: 00:01:08

Health: 0/34       AC: 21    Str: 14    XL:     2   Next: 58%
Magic:  2/2        EV:  2    Int: 10    God:
Gold:   57         SH:  0    Dex: 12    Spells: 1/1 levels left

rFire   . .          .
                       - Unarmed
rCold   . . .        (no shield)
rNeg    . . .        a - melded +0 animal skin
rPois   +            (helmet currently unavailable)
rElec   .            (cloak currently unavailable)
rCorr   .            (gloves currently unavailable)
SInv    .            (boots currently unavailable)
Will    .....        (no amulet)
Stlth   +            (no ring)
HPRegen 0.25/turn    (no ring)
MPRegen 0.16/turn

%: no passive effects
@: tree-form
A: stationary, stasis, torment immunity, boosted hp, magic regeneration
a: no special abilities


You were on level 2 of the Dungeon.
You were a tree.
You visited 1 branch of the dungeon, and saw 2 of its levels.

You collected 57 gold pieces.

Inventory:

Armour
 a - a +0 animal skin (melded)
Talismans
 c - a beast talisman (active)
 d - a flux talisman
Scrolls
 e - a scroll of vulnerability {unknown}
 f - 2 scrolls of identify {unknown}
 g - a scroll of fog {unknown}
 h - a scroll of blinking {unknown}
 j - a scroll of amnesia {unknown}
 k - a scroll of poison {unknown}
Potions
 i - a potion of curing {unknown}


   Skills:
 + Level 2.6 Fighting
 - Level 1.7 Dodging
 - Level 2.6 Unarmed Combat
 - Level 2.6 Shapeshifting


You had one spell level left.
You didn't know any spells.
Your spell library was empty.

Dungeon Overview and Level Annotations

Branches:
Dungeon (2/15)

Altars:

Annotations:
D:2 Jessica


Innate Abilities, Weirdness & Mutations

You are a tree.
Your roots penetrate the ground, keeping you stationary.
You cannot be teleported.
You are immune to unholy pain and torment.
Your maximum health is greatly increased.
Your equipment is partially melded.
You regenerate magic rapidly.


Message History

You hit Jessica.
Jessica is lightly wounded.
Jessica hits you with a +3 vampiric dagger.
Jessica draws strength from your wounds!
The ribbon worm bites you but does no damage.
You hit Jessica.
Jessica is lightly wounded.
Jessica hits you with a +3 vampiric dagger.
Jessica draws strength from your wounds!
Jessica hits you with a +3 vampiric dagger.
The ribbon worm bites you.
* * * LOW HITPOINT WARNING * * *
You hit Jessica.
Jessica is heavily wounded.
Jessica gestures wildly while chanting.
Jessica blinks!
Jessica misses you.
Your transformation has ended.
You turn into a tree.
Your +0 animal skin melds into your body.
Your roots penetrate the ground.
Jessica hits you with a +3 vampiric dagger.
* * * LOW HITPOINT WARNING * * *
You barely miss Jessica.
Jessica is heavily wounded.
Jessica gestures at you while chanting. You resist with some effort.
Jessica hits you but does no damage.
You barely miss Jessica.
Jessica is heavily wounded.
Jessica hits you with a +3 vampiric dagger.
* * * LOW HITPOINT WARNING * * *
Jessica draws strength from your wounds!
You closely miss Jessica.
Jessica is heavily wounded.
Jessica hits you but does no damage.
You closely miss Jessica. You punch Jessica, but do no damage.
Jessica is heavily wounded.
Jessica hits you but does no damage.
Jessica hits you with a +3 vampiric dagger.
You die...

#.# #.# .# #.#
### .# #.# #..
.. #.# #.# .##
#.# #.# ..
#.###.## .#
#.##...##.####..
#..)...♣@w......
####...##.####..
##.## .# #.# ..
#.# ### #.. ##.
.#


You could see a ribbon worm and Jessica (fast).

Vanquished Creatures
  A dart slug (D:1)
  2 ball pythons (D:1)
  An endoplasm (D:1)
  2 goblins
  2 hobgoblins (D:1)
  5 bats (D:1)
  2 frilled lizards (D:1)
  A kobold (D:1)
  A rat (D:1)
17 creatures vanquished.

Notes
Turn   | Place    | Note
-------+----------+-------------------------------------------
     0 | D:1      | Maxmaps the Demonspawn Shapeshifter began the quest for the
                  | Orb.
     0 | D:1      | Reached XP level 1. HP: 15/15 MP: 1/1
   207 | D:1      | Found a faded altar of an unknown god.
   418 | D:1      | Gained mutation: You regenerate magic rapidly. [demonic
                  | ancestry]
   418 | D:1      | Reached XP level 2. HP: 14/22 MP: 2/2
  1186 | D:2      | Noticed Jessica
  1204 | D:2      | Slain by Jessica

Illustrated notes

Levels and vault maps discovered:
D:1:      denvon_arrival_planthouse, layout_basic,
          chequers_ecumenical_altar_grove, wad_floor_pattern_2, minivault_5,
          hex_tiny
D:2:      layout_loops_ring, basic_altar, serial_shops,
          nicolae_shop_statue_plus, uniq_jessica

Skill      XL: |  1 |
---------------+----+-----
Fighting       | 2 |  2.6
Dodging        | |  1.7
Unarmed Combat | |  2.6
Shapeshifting  | |  2.6

Action                     || total
---------------------------++-------
  Melee: Unarmed           ||    55
         Punch             ||     4
    Use: Potion            ||     1
   Stab: Sleeping          ||     1
 Armour: Animal skin       ||    43
         Skin              ||     6
  Dodge: Dodged            ||    25

Table legend: (Time is in decaauts)
 A = Elapsed time spent in this place.
 B = Non-inter-level travel time spent in this place.
 C = Inter-level travel time spent in this place.
 D = Time resting spent in this place.
 E = Time spent auto-exploring this place.
 F = Levels seen in this place.
 G = Mean time per level.
                   A        B        C        D        E       F      G
               +--------+--------+--------+--------+--------+-----+--------+
         Total |   1201 |   1177 |     24 |      0 |   1043 |   2 |  600.5 |
       Dungeon |   1201 |   1177 |     24 |      0 |   1043 |   2 |  600.5 |
               +--------+--------+--------+--------+--------+-----+--------+

Top non-repeatable levels by time:
     D:1: 1161 daAuts
     D:2: 39 daAuts
